 Dungeon Crawl Stone Soup version 0.28.0 (webtiles) character file.

Game seed: 1544203350764546003

97 croobank the Ruffian (level 4, -1/36 HPs)
             Began as a Draconian Transmuter on Feb 15, 2022.
             Slain by Grinder (4 damage)
             ... while paralysed by Grinder
             ... on level 3 of the Dungeon.
             The game lasted 00:06:29 (2558 turns).

croobank the Ruffian (Draconian Transmuter)         Turns: 2558, Time: 00:06:30

Health: -1/36      AC:  5    Str: 13    XL:     4   Next: 42%
Magic:  7/7        EV:  2    Int: 15    God:
Gold:   91         SH:  0    Dex: 11    Spells: 1/8 levels left

rFire   . . .      SeeInvis .   a - +2 spear (flame)
rCold   . . .      Faith    .   (no shield)
rNeg    . . .      Spirit   .   (armour unavailable)
rPois   .          Reflect  .   (helmet restricted)
rElec   .          Harm     .   (no cloak)
rCorr   .          Rampage  .   (no gloves)
Will    .....                   (no boots)
Stlth   +.........              (no amulet)
HPRegen 0.12/turn               (no ring)
MPRegen 0.10/turn               (no ring)

@: paralysed
A: AC +5, unfitting armour, cold-blooded
a: no special abilities


You were on level 3 of the Dungeon.
You visited 1 branch of the dungeon, and saw 3 of its levels.

You collected 91 gold pieces.

Inventory:

Hand Weapons
 a - a +2 spear of flaming (weapon)
 b - a +0 hunting sling
Missiles
 c - 79 stones
 f - 35 sling bullets
 i - 43 arrows
 k - 9 javelins (quivered)
Magical Staves
 d - a staff of earth
 j - a staff of fire
Scrolls
 e - a scroll of amnesia {unknown}
Potions
 g - a potion of berserk rage {unknown}
 h - a potion of ambrosia {unknown}
 l - a potion of haste {unknown}
 m - 2 potions of degeneration {unknown}


   Skills:
 + Level 2.2 Fighting
 + Level 0.1 Polearms
 + Level 2.4 Dodging
 - Level 3.4 Unarmed Combat
 + Level 2.6 Spellcasting
 + Level 2.7 Transmutations


You had one spell level left.
You knew the following spells:

 Your Spells              Type           Power      Damage    Failure   Level
a - Beastly Appendage     Tmut           20%        N/A       7%          1
b - Wereblood             Tmut           10%        N/A       11%         2
c - Spider Form           Tmut/Pois      6%         N/A       34%         3
d - Pain                  Necr           4%         1d4       22%         1

Your spell library contained the following spells:

 Spells                   Type           Power      Damage    Failure   Level
 Animate Skeleton         Necr           2%         N/A       22%         1
 Vampiric Draining        Necr           1%         2d6       54%         3
 Ice Form                 Ice/Tmut       6%         N/A       75%         4


Dungeon Overview and Level Annotations

Branches:
Dungeon (3/15)

Altars:

Annotations:
D:3 Grinder


Innate Abilities, Weirdness & Mutations

Your plain brown scales are hard. (AC +5)
You cannot fit into any form of body armour.
You are cold-blooded and may be slowed by cold attacks.


Message History

There is a stone staircase leading down here.
You climb downwards.
There is a stone staircase leading up here.
Your +2 spear of flaming stops flaming.
b - a +0 hunting sling (weapon)
Grinder comes into view.
Grinder shouts!
Okay, then.
Casting: Beastly Appendage (safe; 7% risk of failure)
Confirm with . or Enter, or press ? or * to list all spells.
You can't see any susceptible monsters within range! (Use Z to cast anyway.) Unknown command.
Your +2 spear of flaming bursts into flame!
a - a +2 spear of flaming (weapon)
Grinder hits you.
You writhe in agony.
A giant cockroach comes into view.
You hit Grinder. You burn Grinder.
Grinder is lightly wounded.
Grinder closely misses you.
You hit Grinder. You burn Grinder.
Grinder is moderately wounded.
Grinder says, "Wait up."
Grinder hits you.
You writhe in agony.
You hit Grinder but do no damage. You tail-slap Grinder.
Grinder is moderately wounded.
Grinder barely misses you.
You hit Grinder. You burn Grinder.
Grinder is heavily wounded.
Grinder gestures at you.
You suddenly lose the ability to move!
Grinder hits you.
You writhe in agony.
Grinder gestures at you. Pain shoots through your body!
* * * LOW HITPOINT WARNING * * *
Grinder hits you.
* * * LOW HITPOINT WARNING * * *
You writhe in agony.
* * * LOW HITPOINT WARNING * * *
Grinder hits you.
You die...

### ###### ..
#<...# B# .
#.##.####5##....
#.##....@....#
#.#######.####
#.# ... #.# ####
... ...


You could see Grinder and a giant cockroach.

Vanquished Creatures
  5 adders (D:2)
  4 dart slugs
  4 ball pythons
  7 endoplasms
  3 giant cockroaches
  4 goblins (D:2)
  3 hobgoblins
  3 quokkas
  4 bats
  3 frilled lizards
  3 kobolds
  A rat (D:2)
44 creatures vanquished.

Notes
Turn   | Place    | Note
-------+----------+-------------------------------------------
     0 | D:1      | croobank the Draconian Transmuter began the quest for the
                  | Orb.
     0 | D:1      | Reached XP level 1. HP: 16/16 MP: 3/3
   357 | D:1      | Reached XP level 2. HP: 14/23 MP: 3/5
   360 | D:1      | Learned a level 2 spell: Wereblood
  1323 | D:1      | Reached XP level 3. HP: 29/29 MP: 4/6
  1748 | D:2      | Learned a level 3 spell: Spider Form
  2018 | D:2      | Reached XP level 4. HP: 36/36 MP: 5/7
  2024 | D:2      | Learned a level 1 spell: Pain
  2549 | D:3      | Noticed Grinder
  2554 | D:3      | Paralysed by Grinder for 5 turns
  2558 | D:3      | Slain by Grinder

Illustrated notes

Levels and vault maps discovered:
D:1:      dpeg_arrival_refuge, layout_basic, minmay_close_crescents
D:2:      layout_loops_ring
D:3:      layout_loops_cross, basic_ecumenical_altar, nicolae_wormholes,
          uniq_grinder

Skill      XL: |  1  2  3 |
---------------+----------+-----
Dodging        | 2 |  2.4
Fighting       | 2 |  2.2
Polearms       | |  0.1
Unarmed Combat | |  3.4
Spellcasting   | |  2.6
Transmutations | |  2.7

Action                   |  1- 3 |  4- 6 || total
-------------------------+-------+-------++-------
Melee: Unarmed           |    19 |       ||    19
       Headbutt          |     8 |     4 ||    12
       Kick              |    13 |     6 ||    19
       Tailslap          |    10 |     4 ||    14
       Staff             |   105 |    20 ||   125
       Punch             |     1 |       ||     1
       Spear             |       |    11 ||    11
 Cast: Beastly Appendage |    22 |     7 ||    29
       Wereblood         |     1 |     1 ||     2
Armor: Skin              |    63 |    13 ||    76
Dodge: Dodged            |    96 |    27 ||   123
